 Dungeon Crawl Stone Soup version 0.24-a0-537-g2d01d4ab0a (webtiles) character file.

Game seed: 178410107556094786

1269 Amnesiac the Slicer (level 8, -2/41 HPs)
             Began as a Deep Elf Enchanter on Aug 12, 2019.
             Was an Initiate of Gozag.
             Slain by a hound (6 damage)
             ... while paralysed
             ... on level 6 of the Dungeon.
             The game lasted 00:28:17 (7403 turns).

Amnesiac the Slicer (Deep Elf Enchanter)            Turns: 7403, Time: 00:28:17

Health: -2/41      AC: 11    Str:  5    XL:     8   Next: 28%
Magic:  16/16      EV:  2    Int: 21    God:    Gozag
Gold:   762        SH:  0    Dex: 17    Spells: 1/15 levels left

rFire    + . .     SeeInvis .   a - +2 dagger (venom)
rCold    + . .     Gourm    .   (no shield)
rNeg     . . .     Faith    .   r - +2 robe {rC+ rF+}
rPois    .         Spirit   .   d - +2 helmet
rElec    .         Reflect  .   (no cloak)
rCorr    .         Harm     .   n - +1 pair of gloves
MR       .....                  c - +1 pair of boots
Stlth    +++.......             (no amulet)
HPRegen  0.13/turn              m - ring of wizardry
MPRegen  0.15/turn              (no ring)

@: paralysed, gold aura, fainting, lightly drained
A: no striking features
a: Potion Petition, Call Merchant, Bribe Branch, Renounce Religion


You were on level 6 of the Dungeon.
You worshipped Gozag.
Gozag was pleased with you.
You were fainting.

You visited 1 branch of the dungeon, and saw 6 of its levels.

You collected 1038 gold pieces.
You spent 214 gold pieces at shops.
You paid 62 gold pieces to Gozag.

Inventory:

Hand Weapons
 a - a +2 dagger of venom (weapon)
 s - a +2 dagger
Missiles
 f - 6 poisoned darts (quivered)
 g - a throwing net
Armour
 c - a +1 pair of boots (worn)
 d - a +2 helmet (worn)
 n - a +1 pair of gloves (worn)
 r - a +2 robe of resistance (worn)
Jewellery
 m - a ring of wizardry (left hand)
Wands
 e - a wand of digging (5)
Scrolls
 b - a scroll of magic mapping {!r}
 h - a scroll of blinking {!r}
 l - 5 scrolls of remove curse {!r}
 o - a scroll of enchant weapon {!r}
 q - a scroll of teleportation {!r}
Potions
 i - a potion of brilliance {!q}


   Skills:
 + Level 8.7(8.6) Short Blades
 * Level 5.6(5.5) Dodging
 - Level 4.0(3.8) Stealth
 - Level 4.0(3.9) Spellcasting
 - Level 4.0(3.8) Hexes


You had one spell level left.
You knew the following spells:

 Your Spells              Type           Power        Failure   Level  Hunger
a - Ensorcelled Hibernat  Hex/Ice        ##....       3%          2    #......
b - Corona                Hex            ###....      1%          1    None
c - Blink                 Tloc           N/A          8%          2    #......
d - Dazzling Spray        Conj/Hex       ##....       6%          3    ###....
e - Confuse               Hex            ###.....     3%          3    ###....
w - Tukima's Dance        Hex            ###.....     3%          3    ###....

Your spell library contained the following spells:

 Spells                   Type           Power        Failure   Level  Hunger
 Magic Dart               Conj           #...         4%          1    None
 Slow                     Hex            ###.....     1%          2    #......
 Call Imp                 Summ           #.......     8%          2    #......
 Conjure Flame            Conj/Fire      #.......     16%         3    ###....
 Mephitic Cloud           Conj/Pois/Air  #.......     16%         3    ###....
 Recall                   Summ/Tloc      N/A          16%         3    ###....
 Summon Mana Viper        Hex/Summ       ##......     50%         5    ######.
 Aura of Abjuration       Summ           #.........   77%         5    ######.
 Summon Demon             Summ           #.........   77%         5    ######.
 Summon Forest            Summ/Tloc      #.........   77%         5    ######.
 Shadow Creatures         Summ           N/A          99%         6    #######


Dungeon Overview and Level Annotations

Branches:
Dungeon (6/15)             Temple (0/1) D:4

Altars:
Ashenzari
Elyvilon
Fedhas
Gozag
Kikubaaqudgha
Uskayaw
Vehumet
Yredelemnul
Zin
The Shining One

Shops:
D:4 [

Annotations:
D:4 1 runed translucent door


Message History

You now have 762 gold pieces (gained 6).
You lose consciousness!
You can move again.
What are your orders? t - Shout!
Orders for allies: a - Attack new target. r - Retreat! s - Stop attacking. g - Guard the area. f - Follow me.
Anything else - Cancel.
You shout for attention!
There is a stone staircase leading down here.
What are your orders? t - Shout!
Orders for allies: a - Attack new target. r - Retreat! s - Stop attacking. g - Guard the area. f - Follow me.
Anything else - Cancel.
You shout for attention!
You climb downwards.
There is a stone staircase leading up here.
You open the door.
A jackal comes into view.
Found a robe. 2 jackals come into view.
The jackal barks! x2
A jackal comes into view.
The jackal barks!
There is an open door here.
A crimson imp comes into view.
The crimson imp shouts!
A hound comes into view.
The hound barks!
The jackal misses you.
You hit the jackal but do no damage. You hit the jackal but do no damage.
The jackal bites you but does no damage.
You barely miss the jackal.
The jackal bites you but does no damage.
The jackal barely misses you.
You hit the jackal but do no damage.
The jackal is poisoned.
The jackal closely misses you.
You closely miss the jackal. You hit the jackal but do no damage.
The jackal closely misses you.
There is an open door here.
You feel a bit more experienced.
The crimson imp shouts, "Despond, thou frumpy ill-nurtured cross-patch!"
The hound bites you.
* * * LOW HITPOINT WARNING * * *
The jackal bites you but does no damage.
You miss the hound.
You lose consciousness!
The hound bites you but does no damage. The hound bites you.
* * * LOW HITPOINT WARNING * * *
The hound bites you.
* * * LOW HITPOINT WARNING * * *
The hound barely misses you. The hound bites you but does no damage.
The hound bites you.
* * * LOW HITPOINT WARNING * * *
The hound bites you.
* * * LOW HITPOINT WARNING * * *
The hound bites you.
You die...
Your body crumbles into a pile of gold.

###### #.@hh#
#######.##h##
#..<....#.h.#
#.#######...#
$ $ #.# #...#
#.# #.... $ $
#.# ##.[.#
#<# #.... #.#
##....


You could see a hound and 2 jackals.

Vanquished Creatures
  Grinder (D:3)
  An ogre (D:4)
  A wolf (D:5)
  A gnoll sergeant (D:5)
  A water moccasin skeleton (D:4)
  2 crimson imps
  An orc priest (D:4)
  3 hounds (D:5)
  A jelly (D:5)
  5 orc wizards
  5 worker ants
  A hound skeleton (D:5)
  Robin (D:2)
  7 adders
  8 gnolls (D:5)
  A shadow imp (D:5)
  An ooze (D:2)
  2 worms
  2 dart slugs
  2 leopard geckos
  18 orcs
  5 giant cockroaches
  20 goblins
  12 hobgoblins
  6 jackals
  5 kobolds
  2 quokkas
  A ball python (D:4)
  4 bats
  5 frilled lizards
  A jackal skeleton (D:5)
  7 rats
133 creatures vanquished.

Vanquished Creatures (collateral kills)
  2 orcs (D:5)
2 creatures vanquished.

Grand Total: 135 creatures vanquished

Notes
Turn   | Place    | Note
-------+----------+-------------------------------------------
     0 | D:1      | Amnesiac the Deep Elf Enchanter began the quest for the
                  | Orb.
     0 | D:1      | Reached XP level 1. HP: 10/10 MP: 6/6
    27 | D:2      | Found a blossoming altar of Fedhas.
    28 | D:2      | Found a hide-covered altar of Uskayaw.
   607 | D:2      | Reached XP level 2. HP: 6/15 MP: 6/8
   627 | D:2      | Learned a level 2 spell: Ensorcelled Hibernation
   867 | D:2      | Found a glowing golden altar of the Shining One.
   871 | D:2      | Found a shattered altar of Ashenzari.
   885 | D:2      | Found a basalt altar of Yredelemnul.
  1037 | D:3      | Reached XP level 3. HP: 13/19 MP: 7/10
  1045 | D:3      | Learned a level 3 spell: Confuse
  1059 | D:3      | Learned a level 3 spell: Tukima's Dance
  1108 | D:4      | Reached skill level 3 in Short Blades
  1108 | D:4      | Reached XP level 4. HP: 11/24 MP: 9/12
  1294 | D:2      | Found an opulent altar of Gozag.
  1364 | D:2      | Became a worshipper of Gozag Ym Sagoz the Greedy
  1970 | D:1      | Reached skill level 4 in Short Blades
  2080 | D:2      | Noticed Robin
  2104 | D:2      | Killed Robin
  2122 | D:2      | Reached XP level 5. HP: 25/28 MP: 7/13
  3411 | D:3      | Noticed Grinder
  3484 | D:4      | Found an ancient bone altar of Kikubaaqudgha.
  3761 | D:4      | Found a radiant altar of Vehumet.
  3761 | D:4      | Found a white marble altar of Elyvilon.
  3782 | D:5      | Entered Level 5 of the Dungeon
  3790 | D:5      | Reached skill level 5 in Short Blades
  3791 | D:5      | Found a glowing silver altar of Zin.
  3830 | D:5      | Learned a level 3 spell: Dazzling Spray
  3897 | D:5      | Reached XP level 6. HP: 32/32 MP: 8/14
  3958 | D:5      | Reached skill level 6 in Short Blades
  4244 | D:5      | HP: 1/32 [gnoll/+0 spear (8)]
  4553 | D:5      | Reached skill level 7 in Short Blades
  4553 | D:5      | Reached XP level 7. HP: 20/36 MP: 2/15
  5290 | D:3      | Killed Grinder
  5290 | D:3      | Reached skill level 8 in Short Blades
  6307 | D:4      | Learned a level 2 spell: Blink
  6309 | D:4      | Identified the +2 plate armour "Zorr" {*Corrode rN+ Dex+7
                  | SInv}
  6364 | D:4      | Found a staircase to the Ecumenical Temple.
  6374 | D:4      | Found Volluum's Antique Armour Shoppe.
  6378 | D:4      | Bought an embroidered hat for 140 gold pieces
  6378 | D:4      | Bought an embroidered robe for 74 gold pieces
  6421 | D:4      | Found a white marble altar of Elyvilon.
  6422 | D:4      | Found a runed translucent door.
  6422 | D:4      | Noticed an angel
  6467 | D:4      | Reached XP level 8. HP: 41/41 MP: 13/16
  7007 | D:5      | Reached skill level 5 in Dodging
  7357 | D:5      | Paralysed by fainting for 6 turns
  7398 | D:6      | Paralysed by fainting for 7 turns
  7403 | D:6      | Slain by a hound

Levels and vault maps discovered:
D:1:      saegor_arrival_under_anarchy, layout_basic, minmay_close_crescents
D:2:      layout_basic, minitemple, grunt_gozag_statues,
          gammafunk_temple_overflow_statue, uniq_robin
D:3:      layout_basic, first_ration, uniq_grinder
D:4:      layout_layer_cave, kiku_gazebo_pond_becter,
          grunt_temple_overflow_open, minmay_temple_entry_glassed_door,
          serial_shops, nicolae_shop_stone, lemuel_angel_altar
D:5:      layout_cave_pools, zin_academy, serial_gnoll_camp,
          gnoll_camp_mini_sergeant, gnoll_camp_mini_doghouse,
          gnoll_camp_mini_hut, gnoll_camp_mini_house, roderic_lattice_a
D:6:      minmay_klotski, layout_loops_ring, lemuel_doored_altar,
          lightli_corner_chamber

Skill      XL: |  1  2  3  4  5  6  7  8 |
---------------+-------------------------+-----
Stealth        | 4 |  4.0
Spellcasting   | 4 |  4.0
Short Blades   | 3 4 5 7 8 |  8.7
Dodging        | 4 5 |  5.6
Hexes          | |  4.0

Action                   |  1- 3 |  4- 6 |  7- 9 || total
-------------------------+-------+-------+-------++-------
Melee: Dagger            |    35 |   187 |   164 ||   386
Throw: Dart              |    12 |       |       ||    12
 Cast: Corona            |     9 |       |       ||     9
       Ensorcelled Hiber |     6 |    89 |    39 ||   134
       Confuse           |     1 |    10 |    18 ||    29
       Tukima's Dance    |       |     2 |       ||     2
       Dazzling Spray    |       |     1 |       ||     1
  Use: Scroll            |       |     9 |     7 ||    16
       Potion            |       |     7 |     1 ||     8
 Stab: Sleeping          |     9 |    51 |    23 ||    83
       Confused          |     3 |     3 |     5 ||    11
  Eat: Chunk             |     1 |     1 |       ||     2
       Ration            |       |     4 |     2 ||     6
Armor: Robe              |     6 |    37 |    33 ||    76
       Skin              |       |    48 |       ||    48
Dodge: Dodged            |    26 |   141 |   106 ||   273

Table legend:
 A = Non-vault XP
 B = Vault XP
 C = Vault XP percentage of total XP
 D = Non-vault monster count
 E = Vault monster count
 F = Vault count percentage of total count
                 A         B        C        D         E       F
            +---------+---------+-------+---------+---------+-------
      Total |    1033 |     780 |  43.0 |     103 |      32 |  23.7
            +---------+---------+-------+---------+---------+-------
        D:1 |      32 |       7 |  17.9 |      18 |       4 |  18.2
        D:2 |      50 |      39 |  43.8 |      18 |      13 |  41.9
        D:3 |     108 |     281 |  72.2 |      20 |       1 |   4.8
        D:4 |     488 |       0 |   0.0 |      21 |       0 |   0.0
        D:5 |     289 |     453 |  61.1 |      22 |      14 |  38.9
        D:6 |      66 |       0 |   0.0 |       4 |       0 |   0.0
            +---------+---------+-------+---------+---------+-------
